 Dungeon Crawl Stone Soup version 0.27.0-1-g7a089689b8 (webtiles) character file.

Game seed: 16755169952124365782

2023 apoch the Fighter (level 9, -5/83 HPs)
             Began as a Minotaur Fighter on Aug 1, 2021.
             Was an Initiate of Makhleb.
             Succumbed to a hornet's poison
             ... on level 7 of the Dungeon.
             The game lasted 00:13:24 (6388 turns).

apoch the Fighter (Minotaur Fighter)                Turns: 6388, Time: 00:13:25

Health: -5/83      AC: 18    Str: 24    XL:     9   Next: 3%
Magic:  8/8        EV:  6    Int:  5    God:    Makhleb [......]
Gold:   272        SH:  9    Dex: 10    Spells: 8/8 levels left

rFire    . . .     SeeInvis .   a - +0 war axe
rCold    . . .     Faith    .   c - +0 kite shield
rNeg     . . .     Spirit   .   w - +0 chain mail
rPois    .         Reflect  .   (helmet restricted)
rElec    .         Harm     .   h - +0 cloak
rCorr    .         Rampage  .   (no gloves)
Will     .....                  i - +0 pair of boots
Stlth    ..........             (no amulet)
HPRegen  0.23/turn              u - +4 ring of protection
MPRegen  0.11/turn              (no ring)

@: lethally poisoned (-5 -> -24), slowed, studying Slings, very slow
A: horns 2, retaliatory headbutt
a: Renounce Religion


You were on level 7 of the Dungeon.
You worshipped Makhleb.
Makhleb was noncommittal.
You visited 2 branches of the dungeon, and saw 8 of its levels.
You also visited: Sewer.

You collected 272 gold pieces.

Inventory:

Hand Weapons
 a - a +0 war axe (weapon)
 n - a +0 flail
 q - a +3 morningstar
 t - a +0 war axe
 D - a +0 broad axe
Missiles
 f - 59 poisoned darts (quivered)
 g - 173 stones
Armour
 c - a +0 kite shield (worn)
 h - a +0 cloak (worn)
 i - a +0 pair of boots (worn)
 w - a +0 chain mail (worn)
Jewellery
 s - the ring "Jigyuj" {Fire Int-4 Dex+6}
   (You found it on level 4 of the Dungeon)

   [ring of fire]

   It enhances your fire magic.
   Int:       It affects your intelligence (-4).
   Dex:       It affects your dexterity (+6).
   rF:        It protects you from fire.
   rC:        It makes you vulnerable to cold.
 u - a +4 ring of protection (left hand)
Wands
 A - a wand of acid (7)
 F - a wand of paralysis (4)
Scrolls
 d - a scroll of enchant weapon {unknown}
 e - 4 scrolls of teleportation
 k - 2 scrolls of identify
 m - a scroll of holy word
 o - a scroll of noise {unknown}
 p - 2 scrolls of magic mapping {unknown}
 v - a scroll of enchant armour {unknown}
 y - a scroll of fog
 E - a scroll of acquirement {unknown}
 G - a scroll of blinking {unknown}
Potions
 b - a potion of attraction {unknown}
 j - a potion of curing {unknown}
 l - 5 potions of flight
 r - a potion of resistance {unknown}
 x - 2 potions of might
 z - a potion of brilliance {unknown}
 B - a potion of cancellation {unknown}
 C - a potion of mutation {unknown}


   Skills:
 + Level 9.0 Fighting
 + Level 8.5 Axes
 + Level 9.0 Armour
 - Level 3.6 Shields


You had 8 spell levels left.
You didn't know any spells.
Your spell library contained the following spells:

 Spells                   Type           Power      Damage    Failure   Level
 Corona                   Hex            0%         N/A       100%        1
 Ensorcelled Hibernation  Hex/Ice        0%         N/A       100%        2
 Dazzling Flash           Conj/Hex       0%         N/A       100%        3
 Frozen Ramparts          Ice            0%         1d2       100%        3
 Tukima's Dance           Hex            0%         N/A       100%        3
 Ice Form                 Ice/Tmut       0%         N/A       100%        4
 Iskenderun's Mystic Bla  Conj/Tloc      0%         2d3       100%        4
 Summon Ice Beast         Ice/Summ       0%         N/A       100%        4
 Starburst                Conj/Fire      0%         8x6d3     100%        6


Dungeon Overview and Level Annotations

Branches:
Dungeon (7/15)             Temple (1/1) D:6           Sewer (visited)

Altars:
Ashenzari
Cheibriados
Dithmenos
Elyvilon
Fedhas
Gozag
Hepliaklqana
Kikubaaqudgha
Makhleb
Nemelex Xobeh
Qazlal
Ru
Sif Muna
Trog
Uskayaw
Vehumet
Wu Jian
Xom
Yredelemnul
Zin
The Shining One

Annotations:
D:4 2 runed translucent doors


Innate Abilities, Weirdness & Mutations

You have a pair of horns on your head.
You reflexively headbutt those who attack you in melee.


Message History

A gnoll comes into view. It is wielding a +2 spear of flaming.
You feel very sick. You block the hornet's attack. The hornet stings you.
You suddenly lose the ability to move!
You feel sick.
The gnoll shouts!
The gnoll hits you from afar with a +4 spear of venom.
You are more poisoned.
The hornet stings you!
You are more poisoned.
You feel as though you will be slow longer.
You feel very sick.
The hornet stings you but does no damage.
The gnoll hits you from afar with a +4 spear of venom!
You are more poisoned.
The hornet stings you but does no damage.
You can move again.
Unknown command.
Unknown command.
Unknown command.
You feel extremely sick. The hornet stings you!
* * * LOW HITPOINT WARNING * * *
You feel as though you will be slow longer.
You block the gnoll's attack.
* * * LOW HITPOINT WARNING * * *
You feel very sick.
The hornet stings you but does no damage.
* * * LOW HITPOINT WARNING * * *
You feel very sick. You block the hornet's attack.
The gnoll hits you but does no damage.
You are lethally poisoned!
Found 13 gold pieces.
* * * LOW HITPOINT WARNING * * *
You feel very sick. The hornet stings you.
* * * LOW HITPOINT WARNING * * *
You are more poisoned.
You feel as though you will be slow longer.
You die...

### #.........#. ##.####
##........... #.....##
#...........# ###......#####
#............
#........#.#.######..........#
#..##......#..#.##...........#
##.#...##..)..................
#......#...)..........#......
##..##.........@.y.g...##.....
###.............###g8.# ....
#....##.....[...###..g##.....
##.#.<..)..........#.g.........
#.......)...###...##g..........
##...........###.....g.........
#...........# ...#)...........
####......#..#$#.##...........
#######...# ..........####


You could see a hornet, a gnoll shaman and a gnoll.

Vanquished Creatures
  Grinder (D:3)
  Edmund (D:5)
  2 centaurs
  A necrophage (D:6)
  A phantom (D:4)
  A kobold brigand (D:7)
  A wyvern zombie (D:5)
  6 scorpions
  A water moccasin zombie (D:5)
  A wight (D:4)
  An electric eel (D:6)
  2 bullfrog zombies
  2 centaur skeletons (D:6)
  3 hounds
  A jelly (D:6)
  A bullfrog skeleton (D:7)
  An orc priest (D:3)
  Jessica (D:3)
  A scorpion zombie (D:5)
  2 iguanas
  A merfolk siren (Sewer)
  An orc wizard (D:4)
  A merfolk avatar (Sewer)
  3 gnolls (D:2)
  A howler monkey skeleton (D:6)
  8 adders
  2 river rats (Sewer)
  2 white imps
  An adder skeleton (D:5)
  6 worms
  2 dart slugs
  11 orcs
  11 ball pythons
  7 endoplasms
  7 giant cockroaches
  9 goblins
  8 hobgoblins
  7 jackals
  2 quokkas
  3 bats
  6 frilled lizards
  6 kobolds
  35 rats
171 creatures vanquished.

Notes
Turn   | Place    | Note
-------+----------+-------------------------------------------
     0 | D:1      | apoch the Minotaur Fighter began the quest for the Orb.
     0 | D:1      | Reached XP level 1. HP: 19/19 MP: 0/0
   113 | D:1      | Reached XP level 2. HP: 21/27 MP: 1/1
   432 | D:1      | Found a faded altar of an unknown god.
   648 | D:2      | Reached XP level 3. HP: 28/33 MP: 2/2
   836 | D:2      | Reached XP level 4. HP: 11/41 MP: 3/3
  1293 | D:3      | Noticed a centaur
  1299 | D:3      | Killed a centaur
  1300 | D:3      | Reached skill level 5 in Fighting
  1300 | D:3      | Reached skill level 5 in Armour
  1300 | D:3      | Reached XP level 5. HP: 38/48 MP: 4/4
  1317 | D:3      | Found a hazy altar of Hepliaklqana.
  1581 | D:3      | Noticed Jessica
  1586 | D:3      | Killed Jessica
  1603 | D:3      | Noticed Grinder
  1604 | D:3      | Found a shimmering blue altar of Sif Muna.
  1610 | D:3      | Killed Grinder
  1611 | D:3      | Reached skill level 5 in Axes
  1611 | D:3      | Reached XP level 6. HP: 30/57 MP: 5/5
  1643 | D:3      | Found a glowing golden altar of the Shining One.
  1796 | D:3      | Found a glowing drain.
  1803 | Sewer    | Entered a sewer
  1911 | Sewer    | Reached XP level 7. HP: 63/63 MP: 6/6
  2934 | D:4      | Found a large runed translucent door.
  2935 | D:4      | Found a large runed translucent door.
  2938 | D:4      | Found a large runed translucent door.
  2938 | D:4      | Found a large runed translucent door.
  3166 | D:4      | Identified the ring "Jigyuj" {Fire Int-4 Dex+6}
  3877 | D:5      | Entered Level 5 of the Dungeon
  3877 | D:5      | Noticed Edmund
  3884 | D:5      | Killed Edmund
  3885 | D:5      | Reached XP level 8. HP: 56/73 MP: 7/7
  5323 | D:6      | Found an ornate altar of the Wu Jian Council.
  5493 | D:6      | Found a staircase to the Ecumenical Temple.
  5630 | Temple   | Entered the Ecumenical Temple
  5695 | Temple   | Became a worshipper of Makhleb the Destroyer
  5865 | D:6      | Found a broken altar of Ashenzari.
  5865 | D:6      | Found an opulent altar of Gozag.
  6173 | D:7      | Reached XP level 9. HP: 44/83 MP: 8/8
  6377 | D:7      | Paralysed by a hornet for 2 turns
  6381 | D:7      | Paralysed by a hornet for 3 turns
  6387 | D:7      | HP: 1/83 [hornet (4)]
  6388 | D:7      | Succumbed to a hornet's poison

Illustrated notes

Levels and vault maps discovered:
D:1:      lemuel_arrival_behind_the_door_large, layout_basic,
          dreamdust_ecumenical_altar_statues, minmay_stone_trees_small
D:2:      layout_rooms
D:3:      layout_rooms, lemuel_crystal_altar, mainiacjoe_overflow_boulevard,
          mainiacjoe_overflow_24_doors, portal_sewer_entry_a, uniq_grinder,
          uniq_jessica
D:4:      layout_loops_corners, minmay_misc_feat_cross,
          minmay_hollow_rounded_squares
D:5:      layout_basic, hangedman_decor_riveting, wad_floor_pattern_2,
          chequers_jeans, chequers_serial_rivers_small_b, uniq_edmund
D:6:      layout_loops_ring, nzn_wu_jian_council_hall,
          gammafunk_temple_overflow_wave, minmay_temple_entry_stoned_glass,
          fountainhead
D:7:      layout_cave_pools, okawaru_humans, serial_column_ruins,
          column_ruins_hut_ruined, column_ruins_hut_pillars,
          column_ruins_open_small, column_ruins_grid_2, column_ruins_grid_4,
          column_ruins_open_small, column_ruins_columns_corner,
          column_ruins_grid_1, column_ruins_grid_3, uniq_pikel
Temple:   eino_wide_crystal_templ

Skill      XL: |  1  2  3  4  5  6  7  8 |
---------------+-------------------------+-----
Fighting       | 4 5 6 7 9 |  9.0
Armour         | 4 5 6 7 9 |  9.0
Axes           | 3 4 5 6 8 |  8.5
Shields        | |  3.6

Action                   |  1- 3 |  4- 6 |  7- 9 || total
-------------------------+-------+-------+-------++-------
Melee: War axe           |    66 |    67 |   229 ||   362
       Headbutt          |     2 |    15 |    32 ||    49
Throw: Dart              |    35 |     2 |    72 ||   109
  Use: Scroll            |       |     3 |       ||     3
       Potion            |       |     1 |     1 ||     2
Armor: Scale mail        |    50 |    36 |    60 ||   146
       Chain mail        |       |       |    54 ||    54
Dodge: Dodged            |    23 |    25 |    53 ||   101
Block: Kite shield       |    34 |    36 |   114 ||   184
